 Dungeon Crawl Stone Soup version 0.32-a0-918-g0f22ef8d61 (webtiles) character file.

Game seed: 6438551202807989627

65 IdlyInterested the Ducker (level 3, 0/25 (29) HPs)
             Began as a Demonspawn Gladiator on Apr 11, 2024.
             Slain by Terence
             ... wielding a +1 short sword of draining
              (1 damage)
             ... on level 2 of the Dungeon.
             The game lasted 00:04:03 (882 turns).

IdlyInterested the Ducker (Demonspawn Gladiator)     Turns: 882, Time: 00:04:04

HP:   0/25 (29)     AC:  7    Str: 14    XL:     3   Next: 92%
MP:   3/3           EV: 11    Int:  8    God:
Gold: 26            SH:  0    Dex: 16    Spells: 2/2 levels left

rFire   . . .        a - +0 quarterstaff
rCold   . . .        (shield currently unavailable)
rNeg    . . .        n - +3 leather armour
rPois   .            c - +0 helmet
rElec   .            (no cloak)
rCorr   .            (no gloves)
SInv    .            (no boots)
Will    .....        (no amulet)
Stlth   ++           (no ring)
HPRegen 0.24/turn    (no ring)
MPRegen 0.08/turn

%: no passive effects
@: wreathed by umbra, heavily drained
A: hooves 1, foul shadow 1
a: no special abilities


You were on level 2 of the Dungeon.
You visited 1 branch of the dungeon, and saw 2 of its levels.

You collected 72 gold pieces.
You spent 46 gold pieces at shops.

Inventory:

Hand Weapons
 a - a +0 quarterstaff (weapon)
 b - a +0 flail
 j - a +0 dagger
 k - a +0 short sword
 o - a +0 spear
Missiles
 d - 3 throwing nets
 e - a javelin
 i - 5 stones (quivered)
 l - 3 boomerangs
Armour
 c - a +0 helmet (worn)
 n - a +3 leather armour (worn)
 p - a +0 chain mail
Scrolls
 f - 2 scrolls of enchant armour {unknown}
 g - a scroll of teleportation {unknown}
 m - 2 scrolls of identify {unknown}
Potions
 h - a potion of magic {unknown}


   Skills:
 + Level 3.0 Fighting
 - Level 3.0 Staves
 - Level 2.0 Throwing
 - Level 1.5 Armour
 - Level 3.0 Dodging
 * Level 0.2 Stealth


You had 2 spell levels left.
You didn't know any spells.
Your spell library was empty.

Dungeon Overview and Level Annotations

Branches:
Dungeon (2/15)

Altars:

Shops:
D:1 *

Annotations:
D:2 Robin, Terence


Innate Abilities, Weirdness & Mutations

You have large cloven feet.
You are faintly shadowed, very rarely releasing foul flame when damaged in melee.


Message History

The hobgoblin hits you but does no damage.
The hobgoblin hits you.
The hobgoblin is seared by the foul flame within you.
You kill the hobgoblin!
The goblin misses you.
Okay, then.
You hit the endoplasm. Your kick misses the endoplasm.
The endoplasm is almost dead.
The hobgoblin misses you. The endoplasm freezes you.
You are frozen.
The goblin barely misses you.
You hit the endoplasm.
You kill the endoplasm!
The bat closely misses you.
The hobgoblin hits you but does no damage.
The goblin hits you but does no damage.
You hit Terence but do no damage. The hobgoblin closely misses you.
Terence hits you with a +1 short sword of draining.
You feel drained. The goblin hits you with a +0 dagger.
You hit Terence but do no damage. The hobgoblin hits you.
Terence barely misses you. The goblin hits you with a +0 dagger.
* * * LOW HITPOINT WARNING * * *
You hit Terence but do no damage.
The hobgoblin hits you but does no damage.
Terence hits you with a +1 short sword of draining.
* * * LOW HITPOINT WARNING * * *
You feel drained. The goblin hits you but does no damage.
You thump Terence!
Terence is heavily wounded.
The goblin no longer looks unusually strong. x3
The hobgoblin no longer looks unusually strong.
The hobgoblin barely misses you. The goblin barely misses you.
Terence hits you but does no damage.
You feel drained. The hobgoblin misses you.
Terence shouts, "ATTACK!!!"
Terence hits you with a +1 short sword of draining!
* * * LOW HITPOINT WARNING * * *
You feel drained.
You die...
Terence says, "Rest in peace."

.. ....# .#
.###...#
..# .#....#
... ..ß..#
#.. .g..#
##.###gg.#
..#...#ggg#
ß...ß.@gßg#
......#@gg#
.#... #####
...# ##


You could see Terence, Robin, 3 hobgoblins and 6 goblins.

Vanquished Creatures
  3 gnolls (D:2)
  An adder (D:2)
  2 ribbon worms (D:2)
  4 endoplasms
  A giant cockroach (D:1)
  2 hobgoblins
  A quokka (D:1)
  A ball python (D:1)
  3 bats (D:2)
  4 goblins
  2 kobolds (D:1)
24 creatures vanquished.

Notes
Turn   | Place    | Note
-------+----------+-------------------------------------------
     0 | D:1      | IdlyInterested the Demonspawn Gladiator began the quest for
                  | the Orb.
     0 | D:1      | Reached XP level 1. HP: 16/16 MP: 1/1
   208 | D:1      | Gained mutation: You have large cloven feet. [demonic
                  | ancestry]
   208 | D:1      | Reached XP level 2. HP: 16/22 MP: 2/2
   268 | D:1      | Found Kanudwurei's Assorted Antiques.
   615 | D:1      | Bought a scroll labelled WACAKL BESORGH for 23 gold pieces
   615 | D:1      | Bought a scroll labelled PIOSUE NA WENN for 23 gold pieces
   639 | D:2      | Gained mutation: You are faintly shadowed, very rarely
                  | releasing foul flame when damaged in melee. [demonic
                  | ancestry]
   639 | D:2      | Reached XP level 3. HP: 27/28 MP: 3/3
   644 | D:2      | Reached skill level 1 in Armour
   869 | D:2      | Noticed Robin
   872 | D:2      | Noticed Terence
   882 | D:2      | HP: 1/26 [Terence/+1 short sword of draining (7)]
   882 | D:2      | Slain by Terence

Illustrated notes

Levels and vault maps discovered:
D:1:      minmay_arrival_cross, layout_loops_ring, serial_shops, shop
D:2:      layout_basic, reono_crystal_passage, chequers_serial_rivers_room_a,
          chequers_serial_rivers_micro_b, minmay_misc_feat_four_crosses,
          uniq_crazy_yiuf_cottage, uniq_terence, uniq_robin

Skill      XL: |  1  2  3 |
---------------+----------+-----
Dodging        | 3 |  3.0
Staves         | 3 |  3.0
Throwing       | 2 |  2.0
Armour         | 1 |  1.5
Fighting       | 3 |  3.0
Stealth        | |  0.2

Action                     || total
---------------------------++-------
  Melee: Quarterstaff      ||    69
         Kick              ||    10
   Stab: Sleeping          ||     2
 Armour: Leather armour    ||    43
  Dodge: Dodged            ||    71

Table legend: (Time is in decaauts)
 A = Elapsed time spent in this place.
 B = Non-inter-level travel time spent in this place.
 C = Inter-level travel time spent in this place.
 D = Time resting spent in this place.
 E = Time spent auto-exploring this place.
 F = Levels seen in this place.
 G = Mean time per level.
                   A        B        C        D        E       F      G
               +--------+--------+--------+--------+--------+-----+--------+
         Total |    893 |    856 |     37 |     17 |    599 |   2 |  446.5 |
       Dungeon |    893 |    856 |     37 |     17 |    599 |   2 |  446.5 |
               +--------+--------+--------+--------+--------+-----+--------+

Top non-repeatable levels by time:
     D:1: 637 daAuts
     D:2: 255 daAuts
